 Dungeon Crawl Stone Soup version 0.27-a0-1280-g9d2d252d84 (webtiles) character file.

Game seed: 2037412489436841615

5914 Bapho the Martial Artist (level 10, -6/96 HPs)
             Began as a Gnoll Transmuter on June 9, 2021.
             Was a Believer of Ashenzari.
             Mangled by an ettin (37 damage)
             ... on level 1 of the Orcish Mines on June 13, 2021.
             The game lasted 00:26:39 (13113 turns).

Bapho the Martial Artist (Gnoll Transmuter)        Turns: 13113, Time: 00:26:39

Health: -6/96      AC: 11    Str: 10    XL:     10   Next: 83%
Magic:  19/23      EV: 12    Int: 15    God:    Ashenzari [**....]
Gold:   399        SH:  0    Dex: 13    Spells: 8/27 levels left

rFire    x . .     SeeInvis +     - Unarmed
rCold    + + +     Faith    .   (shield currently unavailable)
rNeg     . . .     Spirit   .   (armour currently unavailable)
rPois    +         Reflect  .   (helmet currently unavailable)
rElec    .         Harm     .   (cloak currently unavailable)
rCorr    .         Rampage  .   (gloves currently unavailable)
Will     .....                  (boots currently unavailable)
Stlth    +++.......             (no amulet)
HPRegen  0.26/turn              m - ring "Idealism of the Sky" {AC+4, Self, Comp} (curse)
MPRegen  0.18/turn              (no ring)

@: ice-form
A: freezing attack, amphibious, boosted hp, large, (fangs 1), strong nose,
distributed training
a: End Transformation, Renounce Religion, Shatter the Chains


You were on level 1 of the Orcish Mines.
You worshipped Ashenzari.
Ashenzari was pleased with you.
You were a creature of crystalline ice.
You visited 3 branches of the dungeon, and saw 11 of its levels.

You collected 399 gold pieces.

Inventory:

Hand Weapons
 a - a +3 scimitar of flaming (melded)
Missiles
 d - 225 stones (quivered)
 y - 2 large rocks
Armour
 n - the cursed +2 robe "Share My Secrets" (melded) {rC+ rF+, Cun, Evo}
   (You took it off Blork the orc on level 5 of the Dungeon)

   It has a curse which improves the following skills: Cunning: Dodging and
   Stealth.
   Evocations: Evocations.
 r - the cursed +0 pair of gloves of the Cryptic Apathy (melded) {Melee, Range}
   (You found it on level 4 of the Dungeon)

   It has a curse which improves the following skills: Melee Combat: Short
   Blades, Long Blades, Axes, Maces & Flails, Polearms, Staves and Unarmed
   Combat.
   Ranged Combat: Slings, Bows, Crossbows and Throwing.
 t - the cursed +1 cloak "I Knew You'd Do That" (melded) {Stlth+, Cun, Self}
   (You took it off Crazy Yiuf on level 6 of the Dungeon)

   It has a curse which improves the following skills: Cunning: Dodging and
   Stealth.
   Introspection: Fighting and Spellcasting.
Jewellery
 m - the cursed ring "Idealism of the Sky" (left front paw) {AC+4, Self, Comp}
   (You found it on level 5 of the Dungeon)

   [ring of protection]

   It affects your AC (+4).
   It has a curse which improves the following skills: Introspection: Fighting
   and Spellcasting.
   Companions: Summonings and Necromancy.
 w - a ring of willpower
Wands
 s - a wand of iceblast (27)
 v - a wand of flame (4)
 A - a wand of acid (8)
 B - a wand of charming (7)
Scrolls
 b - 6 scrolls of identify
 c - a scroll of enchant armour
 f - a scroll of magic mapping
 i - a scroll of holy word
 j - a scroll of fear
 k - 2 scrolls of brand weapon
 p - 2 scrolls of teleportation
 q - 3 scrolls of fog
 u - a scroll of summoning
 z - a scroll of enchant weapon
Potions
 e - 2 potions of lignification
 g - 2 potions of might
 h - a potion of haste
 l - a potion of invisibility
 x - a potion of mutation
Miscellaneous
 o - a lightning rod (4/4)


   Skills:
 + Level 6.2(7.7) Fighting
 + Level 5.6 Short Blades
 + Level 5.6 Long Blades
 + Level 5.6 Axes
 + Level 5.6 Maces & Flails
 + Level 5.6 Polearms
 + Level 5.6 Staves
 + Level 5.6 Slings
 + Level 5.6 Bows
 + Level 5.6 Crossbows
 + Level 5.6 Throwing
 + Level 5.6 Armour
 + Level 7.3 Dodging
 + Level 5.6 Stealth
 + Level 5.6 Shields
 + Level 8.7 Unarmed Combat
 + Level 7.6(9.1) Spellcasting
 + Level 4.6 Conjurations
 + Level 4.6 Hexes
 + Level 4.6(6.0) Summonings
 + Level 4.6(6.0) Necromancy
 + Level 4.6 Translocations
 + Level 6.1 Transmutations
 + Level 4.6 Fire Magic
 + Level 4.6 Ice Magic
 + Level 4.6 Air Magic
 + Level 4.6 Earth Magic
 + Level 4.6 Poison Magic
 + Level 6.2 Invocations
 + Level 5.6 Evocations


You had 8 spell levels left.
You knew the following spells:

 Your Spells              Type           Power      Damage    Failure   Level
a - Beastly Appendage     Tmut           50%        N/A       1%          1
b - Spider Form           Tmut/Pois      11%        N/A       3%          3
c - Ice Form              Ice/Tmut       23%        N/A       12%         4
d - Cause Fear            Hex            10%        N/A       16%         4
e - Portal Projectile     Hex/Tloc       40%        N/A       4%          3
f - Leda's Liquefaction   Hex/Erth       10%        N/A       16%         4

Your spell library contained the following spells:

 Spells                   Type           Power      Damage    Failure   Level
 Animate Skeleton         Necr           50%        N/A       1%          1
 Corona                   Hex            22%        N/A       1%          1
 Pain                     Necr           100%       1d9       1%          1
 Wereblood                Tmut           25%        N/A       1%          2
 Slow                     Hex            20%        N/A       2%          2
 Vampiric Draining        Necr           12%        2d7       2%          3
 Inner Flame              Hex/Fire       20%        N/A       4%          3
 Animate Dead             Necr           12%        N/A       9%          4
 Agony                    Necr           25%        N/A       24%         5


Dungeon Overview and Level Annotations

Branches:
Dungeon (9/15)             Temple (1/1) D:4            Lair (0/6) D:8
    Orc (1/2) D:9

Altars:
Ashenzari
Cheibriados
Dithmenos
Elyvilon
Fedhas
Gozag
Hepliaklqana
Kikubaaqudgha
Makhleb
Nemelex Xobeh
Okawaru
Qazlal
Ru
Sif Muna
Trog
Uskayaw
Vehumet
Wu Jian
Xom
Yredelemnul
Zin
The Shining One

Portals:
Bailey: Orc:1

Annotations:
D:9 1 runed translucent door, celly00's ghost, novice DjVM


Innate Abilities, Weirdness & Mutations

You are a creature of crystalline ice.
You have a powerful freezing melee attack.
You are amphibious.
Your maximum health is increased.
Your armour is entirely melded.
You are incapable of wielding weapons or throwing items.
((You have very sharp teeth.))
Your uncanny sense of smell can sniff out nearby items.
Your experience applies equally to all skills.


Message History

The cursed +0 pair of gloves of the Cryptic Apathy {Melee, Range} unmelds from your body.
The cursed +2 robe "Share My Secrets" {rC+ rF+, Cun, Evo} unmelds from your body.
Your +3 scimitar of flaming bursts into flame!
You feel stealthy.
You feel resistant to extremes of temperature.
You start waiting.
Done waiting.
You climb downwards.
Welcome back to the Orcish Mines!
You hear the roar of battle.
There is an entrance to a bailey on this level.
Hurry and find it before the portal closes forever!
You hear the faint creaking of a portcullis very nearby. 2 gnolls come into view.
The orc warrior completely misses you.
You riposte.
The gnoll shouts!
You hit the orc warrior. You burn the orc warrior.
Your bite misses the orc warrior.
The orc warrior is moderately wounded.
A goblin comes into view. It is wielding a +0 spear.
The ettin hits you with a +0 dire flail!!
The ettin closely misses you.
The orc wizard gestures at you while chanting.
The magic dart hits you but does no damage.
A gnoll comes into view. It is wielding a +0 halberd.
The orc warrior hits you but does no damage.
The goblin shouts!
There is a staircase back to the Dungeon, spattered with blood here.
Casting: Ice Form (dangerous; 11% risk of failure)
Confirm with . or Enter, or press ? or * to list all spells.
You turn into a creature of crystalline ice.
Your +3 scimitar of flaming melds into your body.
The cursed +1 cloak "I Knew You'd Do That" {Stlth+, Cun, Self} melds into your body.
The cursed +0 pair of gloves of the Cryptic Apathy {Melee, Range} melds into your body.
The cursed +2 robe "Share My Secrets" {rC+ rF+, Cun, Evo} melds into your body.
Your +3 scimitar of flaming stops flaming.
You feel less stealthy.
You feel hot and cold all over.
An orc wizard comes into view.
It is wielding a +1 dagger of holy wrath.
An orc comes into view. It is wielding a +0 short sword.
The ettin hits you with a +0 dire flail!!
The ettin hits you with a +0 great mace!!!
You die...

, , **
.#......o#..#o.,
....$...#......
**
..............#
* *
,...............
*
...............
,
.............#.
, *
.o.......o....#
.......Y.......
,
.......Co..#...
..>.......##
....#o....#* ...
.g....., *
..,..g.≈≈≈≈≈ , *
. ....g≈ggg≈.*
#.g.o.≈g∩.≈.# ,,
, ≈ >


You could see an ettin, an orc sorcerer, 2 orc warriors, a gnoll shaman, an orc
priest, 2 orc wizards, 4 gnolls, an orc (wandering) and 3 goblins.

Vanquished Creatures
  Erica (D:8)
  Pikel (D:6)
  2 trolls (D:9)
  A hornet (D:8)
  Grinder (D:6)
  Prince Ribbit (D:5)
  A wraith (D:9)
  A wyvern (D:8)
  A steam dragon (D:7)
  A vampire mosquito (D:7)
  A black bear (D:7)
  2 ice beasts
  5 orc warriors
  5 ogres
  A centaur (D:8)
  A phantom (D:5)
  A lemure (D:6)
  Blork the orc (D:5)
  2 kobold brigands
  A bullfrog (D:7)
  A wyvern zombie (D:4)
  5 scorpions
  2 electric eels (D:9)
  A howler monkey (D:7)
  A centaur zombie (D:9)
  A bullfrog skeleton (D:6)
  A gnoll shaman (D:7)
  5 hounds
  8 orc priests
  Crazy Yiuf (D:6)
  4 iguanas
  14 orc wizards
  A howler monkey zombie (D:5)
  6 gnolls
  4 adders
  A shadow imp (D:5)
  3 white imps
  An ufetubus (D:5)
  2 adder skeletons (D:4)
  2 worms
  34 orcs
  3 ball pythons
  3 endoplasms (D:2)
  5 giant cockroaches
  3 goblins
  6 hobgoblins
  7 jackals
  A quokka (D:4)
  3 bats
  3 frilled lizards
  8 kobolds
  3 rats
174 creatures vanquished.

Vanquished Creatures (others)
  A centaur zombie (D:7)
  A gnoll (D:7)
  22 fungi (D:4)
24 creatures vanquished.

Grand Total: 198 creatures vanquished

Notes
Turn   | Place    | Note
-------+----------+-------------------------------------------
     0 | D:1      | Bapho the Gnoll Transmuter began the quest for the Orb.
     0 | D:1      | Reached XP level 1. HP: 17/17 MP: 6/6
    25 | D:1      | You fall into a shaft and drop 1 floor!
   144 | D:2      | Reached XP level 2. HP: 13/23 MP: 7/7
   705 | D:2      | Reached XP level 3. HP: 28/28 MP: 7/9
   709 | D:2      | Learned a level 3 spell: Spider Form
   778 | D:2      | Reached skill level 5 in Spellcasting
  1896 | D:3      | Reached skill level 1 in Invocations
  1912 | D:3      | Reached skill level 1 in Short Blades
  1912 | D:3      | Reached skill level 1 in Long Blades
  1912 | D:3      | Reached skill level 1 in Axes
  1912 | D:3      | Reached skill level 1 in Maces & Flails
  1912 | D:3      | Reached skill level 1 in Polearms
  1912 | D:3      | Reached skill level 1 in Staves
  1912 | D:3      | Reached skill level 1 in Slings
  1912 | D:3      | Reached skill level 1 in Bows
  1912 | D:3      | Reached skill level 1 in Crossbows
  1912 | D:3      | Reached skill level 1 in Throwing
  1912 | D:3      | Reached skill level 1 in Armour
  1912 | D:3      | Reached skill level 1 in Stealth
  1912 | D:3      | Reached skill level 1 in Shields
  1912 | D:3      | Reached skill level 1 in Evocations
  1912 | D:3      | Reached XP level 4. HP: 14/34 MP: 3/11
  2102 | D:3      | Found a glowing golden altar of the Shining One.
  2331 | D:3      | Reached skill level 1 in Conjurations
  2331 | D:3      | Reached skill level 1 in Hexes
  2331 | D:3      | Reached skill level 1 in Summonings
  2331 | D:3      | Reached skill level 1 in Necromancy
  2331 | D:3      | Reached skill level 1 in Translocations
  2331 | D:3      | Reached skill level 1 in Fire Magic
  2331 | D:3      | Reached skill level 1 in Ice Magic
  2331 | D:3      | Reached skill level 1 in Air Magic
  2331 | D:3      | Reached skill level 1 in Earth Magic
  2331 | D:3      | Reached skill level 1 in Poison Magic
  3149 | D:3      | Found a faded altar of an unknown god.
  3234 | D:3      | Reached XP level 5. HP: 40/40 MP: 8/12
  3356 | D:4      | Noticed an ogre
  3358 | D:4      | Upgraded the game from 0.27-a0-1242-ge70438ac7b to
                  | 0.27-a0-1280-g9d2d252d84
  3364 | D:4      | Killed an ogre
  3371 | D:4      | Reached XP level 6. HP: 29/47 MP: 10/13
  3491 | D:4      | Found a staircase to the Ecumenical Temple.
  3569 | Temple   | Entered the Ecumenical Temple
  3750 | Temple   | Became a worshipper of Ashenzari the Shackled
  3807 | D:4      | Found an ornate altar of the Wu Jian Council.
  3807 | D:4      | Found a sparkling altar of Nemelex Xobeh.
  4043 | D:4      | Reached skill level 5 in Dodging
  4369 | D:4      | Reached XP level 7. HP: 52/52 MP: 8/15
  4689 | D:5      | Entered Level 5 of the Dungeon
  4698 | D:5      | Reached skill level 7 in Unarmed Combat
  4853 | D:5      | Identified the cursed +0 robe of Ashenzari's Negation
                  | {Elem, Melee}
  4937 | D:5      | Learned a level 4 spell: Ice Form
  4938 | D:5      | Noticed Blork the orc
  4943 | D:5      | Killed Blork the orc
  5282 | D:5      | Found a burning altar of Makhleb.
  5282 | D:5      | Found a snail-covered altar of Cheibriados.
  5496 | D:5      | Reached XP level 8. HP: 60/60 MP: 12/16
  5863 | D:5      | Noticed Prince Ribbit
  5876 | D:5      | Killed Prince Ribbit
  6196 | D:4      | Reached * piety under Ashenzari
  6249 | D:6      | Noticed Grinder
  6269 | D:6      | Killed Grinder
  6280 | D:6      | Identified the cursed +0 pair of gloves of the Cryptic
                  | Apathy {Melee, Range} (You found it on level 4 of the
                  | Dungeon)
  6643 | D:6      | Found a runed translucent door.
  6645 | D:6      | Noticed Crazy Yiuf
  6670 | D:6      | Reached skill level 5 in Transmutations
  6670 | D:6      | Reached XP level 9. HP: 60/66 MP: 15/18
  6711 | D:6      | Killed Crazy Yiuf
  6894 | D:6      | Noticed Pikel
  6912 | D:6      | Killed Pikel
  6913 | D:6      | Reached skill level 5 in Fighting
  7171 | D:6      | Reached ** piety under Ashenzari
  7180 | D:6      | Found a radiant altar of Vehumet.
  7238 | D:6      | Identified the cursed +1 cloak "I Knew You'd Do That"
                  | {Stlth+, Cun, Self} (You took it off Crazy Yiuf on level 6
                  | of the Dungeon)
  7468 | D:7      | Reached skill level 8 in Unarmed Combat
  7918 | D:7      | Reached skill level 5 in Invocations
  8124 | D:7      | Learned a level 4 spell: Cause Fear
  8128 | D:7      | Learned a level 3 spell: Portal Projectile
  8692 | D:7      | Reached XP level 10. HP: 74/79 MP: 19/22
  9177 | D:8      | Noticed Erica
  9193 | D:8      | Killed Erica
  9194 | D:8      | Reached skill level 5 in Short Blades
  9194 | D:8      | Reached skill level 5 in Long Blades
  9194 | D:8      | Reached skill level 5 in Axes
  9194 | D:8      | Reached skill level 5 in Maces & Flails
  9194 | D:8      | Reached skill level 5 in Polearms
  9194 | D:8      | Reached skill level 5 in Staves
  9194 | D:8      | Reached skill level 5 in Slings
  9194 | D:8      | Reached skill level 5 in Bows
  9194 | D:8      | Reached skill level 5 in Crossbows
  9194 | D:8      | Reached skill level 5 in Throwing
  9194 | D:8      | Reached skill level 5 in Armour
  9194 | D:8      | Reached skill level 5 in Stealth
  9194 | D:8      | Reached skill level 5 in Shields
  9194 | D:8      | Reached skill level 5 in Evocations
  9386 | D:8      | Paralysed by a hornet for 3 turns
  9993 | D:8      | Found a staircase to the Lair.
  9999 | D:8      | Learned a level 4 spell: Leda's Liquefaction
 11077 | D:9      | Identified the cursed +2 robe "Share My Secrets" {rC+ rF+,
                  | Cun, Evo} (You took it off Blork the orc on level 5 of the
                  | Dungeon)
 11928 | D:9      | Found a runed translucent door.
 11928 | D:9      | Noticed celly00's ghost (novice DjVM)
 12579 | D:9      | Found a staircase to the Orcish Mines.
 12963 | Orc:1    | Entered Level 1 of the Orcish Mines
 12963 | Orc:1    | Found a flagged portal.
 12963 | Orc:1    | Noticed an ettin
 12964 | Orc:1    | Noticed an orc sorcerer
 13113 | Orc:1    | Mangled by an ettin

Illustrated notes

Levels and vault maps discovered:
D:1:      minmay_arrival_plants_in_alcoves, layout_rooms, serial_shops, shop
D:2:      layout_basic, mrwooster_statue_mirror, minmay_misc_feat_nine_boxes
D:3:      layout_basic, old_standard_altar,
          shapermc_ecumenical_altar_starsandcircs, minmay_crystal_water,
          hex_intersection
D:4:      layout_loops_ring, chequers_temple_overflow_statue_of_worship,
          minmay_temple_entry_proselytizer, serial_aquarium,
          aquarium_bridge_island_large [aquarium_subvault_large_water,
          aquarium_subvault_balcony, aquarium_subvault_bridge,
          aquarium_subvault_balcony, aquarium_subvault_wall],
          aquarium_bridge_square [aquarium_subvault_wall,
          aquarium_subvault_bridge, aquarium_subvault_bridge,
          aquarium_subvault_balcony], aquarium_window_corridor_3,
          aquarium_window_1, aquarium_view_2b, aquarium_pool_double
D:5:      layout_cave_pools, jmf_multi_god_temple, grunt_decor_fettered,
          minmay_checkerbox, uniq_prince_ribbit1, uniq_blork_the_orc
D:6:      layout_loops_ring, overflow_temple_1_default, uniq_pikel,
          uniq_crazy_yiuf_cottage, uniq_grinder
D:7:      layout_cave_pods, serial_column_ruins, column_ruins_hut,
          column_ruins_hut_pillars, column_ruins_grid_2,
          column_ruins_columns_corner, column_ruins_corridor_dead_end,
          column_ruins_grid_1, column_ruins_grid_3, hangedman_decor_growths
D:8:      layout_rooms, dpeg_oklobed_lair, uniq_erica
D:9:      layout_loops_ring, erik_orc_2, hellmonk_ghost_happy_afterlife,
          serial_park_tiny_1
Temple:   eino_temple_scatter_basement
Orc:1:    layout_caves, enter_bailey_5, serial_shops, nicolae_shop_waterfront

Skill      XL: |  1  2  3  4  5  6  7  8  9 10 |
---------------+-------------------------------+-----
Spellcasting   | 5 6 7 |  7.6
Invocations    | 1 2 3 4 5 6 |  6.2
Short Blades   | 1 2 3 4 5 |  5.6
Long Blades    | 1 2 3 4 5 |  5.6
Axes           | 1 2 3 4 5 |  5.6
Maces & Flails | 1 2 3 4 5 |  5.6
Polearms       | 1 2 3 4 5 |  5.6
Staves         | 1 2 3 4 5 |  5.6
Slings         | 1 2 3 4 5 |  5.6
Bows           | 1 2 3 4 5 |  5.6
Crossbows      | 1 2 3 4 5 |  5.6
Throwing       | 1 2 3 4 5 |  5.6
Armour         | 1 2 3 4 5 |  5.6
Stealth        | 1 2 3 4 5 |  5.6
Shields        | 1 2 3 4 5 |  5.6
Evocations     | 1 2 3 4 5 |  5.6
Conjurations   | 1 2 3 4 |  4.6
Hexes          | 1 2 3 4 |  4.6
Summonings     | 1 2 3 4 |  4.6
Necromancy     | 1 2 3 4 |  4.6
Translocations | 1 2 3 4 |  4.6
Fire Magic     | 1 2 3 4 |  4.6
Ice Magic      | 1 2 3 4 |  4.6
Air Magic      | 1 2 3 4 |  4.6
Earth Magic    | 1 2 3 4 |  4.6
Poison Magic   | 1 2 3 4 |  4.6
Fighting       | 3 4 5 6 |  6.2
Transmutations | 4 5 6 |  6.1
Dodging        | 5 6 7 |  7.3
Unarmed Combat | 7 8 |  8.7

Action                   |  1- 3 |  4- 6 |  7- 9 | 10-12 || total
-------------------------+-------+-------+-------+-------++-------
Melee: Unarmed           |    75 |    86 |   250 |   142 ||   553
       Kick              |     9 |     1 |       |       ||    10
       Headbutt          |     4 |       |       |       ||     4
       Bite              |     5 |     2 |     2 |     3 ||    12
       Punch             |       |     2 |       |       ||     2
       Scimitar          |       |       |       |    18 ||    18
Throw: Stone             |    38 |    47 |    85 |    54 ||   224
 Cast: Beastly Appendage |    13 |     2 |       |       ||    15
       Spider Form       |     1 |    12 |    33 |     8 ||    54
       Portal Projectile |       |       |     2 |       ||     2
       Ice Form          |       |       |       |    12 ||    12
Invok: Curse Item        |       |       |     4 |     1 ||     5
       Shatter the Chain |       |       |       |     1 ||     1
Evoke: Wand              |       |       |       |     7 ||     7
  Use: Potion            |       |     2 |     1 |     2 ||     5
 Stab: Sleeping          |       |       |     1 |       ||     1
       Distracted        |       |       |       |     1 ||     1
Armor: Robe              |     6 |     2 |     3 |    16 ||    27
       Skin              |       |     1 |    19 |    28 ||    48
Dodge: Dodged            |    51 |    45 |   208 |   151 ||   455
       Rpst.: Scimitar   |       |       |       |     4 ||     4

Table legend: (Time is in decaauts)
 A = Elapsed time spent in this place.
 B = Non-inter-level travel time spent in this place.
 C = Inter-level travel time spent in this place.
 D = Time resting spent in this place.
 E = Time spent auto-exploring this place.
 F = Levels seen in this place.
 G = Mean time per level.
                   A        B        C        D        E       F      G
               +--------+--------+--------+--------+--------+-----+--------+
         Total |  13047 |  12724 |    323 |   3900 |   7107 |  11 | 1186.1 |
       Dungeon |  12841 |  12552 |    289 |   3900 |   6975 |   9 | 1426.8 |
        Temple |    201 |    168 |     33 |      0 |    132 |   1 |  201.0 |
  Orcish Mines |      4 |      4 |      0 |      0 |      0 |   1 |    4.0 |
               +--------+--------+--------+--------+--------+-----+--------+

Top non-repeatable levels by time:
     D:9: 2561 daAuts
     D:3: 1794 daAuts
     D:7: 1719 daAuts
     D:2: 1647 daAuts
     D:5: 1489 daAuts
     D:8: 1380 daAuts
     D:6: 1158 daAuts
     D:4: 1064 daAuts
  Temple: 201 daAuts
     D:1: 25 daAuts
   Orc:1: 4 daAuts
